Map: Para Site LE

Players

Yocto

  • Race: Zerg Zerg
  • League: Platinum
  • Spawn Location: 11:00

sousmarinier - Winner!

  • Race: Terran Terran
  • League: Platinum
  • Spawn Location: 5:00

VOD

Have the link to the VOD?

Description

Time

  • Played on: Dec. 21, 2018, 9:43 a.m.
  • Length: 19:26
Show
View Real Time Build Order
Export as new Build Order

Yocto Zerg 

Build Orders: Hatch First 

Get SALT Encoding   

  12  0:01  Drone  
  13  0:15  Overlord  
  13  0:18  Drone  
  14  0:40  Drone x3  
  17  0:59  Hatchery  
  17  1:02  Drone  
  17  1:07  Drone  
  17  1:10  Extractor  
  17  1:30  Drone  
  18  1:36  Drone x2  
  18  1:37  Spawning Pool  
  19  1:45  Overlord  
  19  1:56  Drone  
  20  2:07  Drone  
  21  2:15  Drone  
  21  2:19  Drone  
  23  2:24  Queen, Zergling x2  
  23  2:26  Queen  
  23  2:27  Metabolic Boost  
  29  2:30  Zergling x2  
  29  2:51  Hatchery  
  29  2:53  Drone  
  29  2:55  Drone  
  29  2:56  Drone x3  
  33  3:03  Queen  
  35  3:12  Overlord  
  35  3:24  Drone  
  36  3:30  Queen  
  36  3:32  Drone x3  
  36  3:33  Drone x3  
  44  3:50  Overlord  
  44  3:55  Spore Crawler  
  43  3:58  Spore Crawler  
  43  3:59  Overlord  
  43  4:02  Overlord  
  42  4:06  Queen  
  44  4:26  Drone x3  
  44  4:28  Extractor, Zergling x2  
  44  4:29  Extractor, Zergling x14, Spore Crawler  
  44  4:30  Zergling x4  
  54  4:35  Lair  
  54  4:37  Drone  
  54  4:38  Drone  
  56  4:41  Drone  
  57  4:47  Baneling Nest  
  56  5:04  Drone x4  
  60  5:11  Overlord x3  
  60  5:24  Evolution Chamber, Drone x3  
  60  5:25  Evolution Chamber  
  61  5:34  Drone x3  
  64  5:43  Drone x8  
  72  5:51  Spire, Drone  
  72  5:54  Zergling x8  
  76  6:02  Zerg Melee Weapons Level 1  
  76  6:10  Zerg Ground Armor Level 1  
  76  6:18  Zergling x14  
  81  6:19  Zergling x2  
  81  6:22  Centrifical Hooks  
  84  6:26  Drone x3  
  84  6:27  Extractor  
  84  6:28  Drone  
  87  6:44  Drone x3  
  87  6:46  Overlord x5  
  90  6:48  Baneling x3  
  90  6:49  Baneling x5  
  90  7:01  Overlord x3  
  90  7:02  Extractor  
  90  7:07  Corruptor x2  
  90  7:08  Extractor  
  92  7:10  Zergling x8  
  96  7:24  Drone x2  
  98  7:32  Hatchery  
  97  7:43  Extractor  
  96  7:45  Baneling  
  96  7:46  Baneling x6  
  96  7:51  Drone x5  
  97  7:52  Drone x5  
  106  8:09  Overlord x5  
  106  8:10  Overlord x2  
  106  8:15  Infestation Pit  
  106  8:16  Drone x2  
  106  8:17  Drone  
  108  8:22  Zergling x2  
  109  8:31  Baneling x2  
  109  8:32  Baneling x7  
  109  8:34  Zergling x8  
  113  8:52  Zergling x8  
  113  8:53  Zergling x4  
  119  9:02  Zergling x10  
  102  9:09  Zergling x2  
  93  9:10  Zergling x8  
  93  9:11  Baneling x5  
  93  9:12  Baneling x2  
  93  9:13  Zergling x4  
  94  9:21  Zergling x6  
  86  9:32  Zergling x6  
  89  9:45  Zergling x6  
  92  9:55  Hive  
  92  9:58  Zerg Melee Weapons Level 2  
  92  10:01  Zergling x10  
  97  10:13  Zergling x8  
  101  10:20  Zerg Ground Armor Level 2  
  101  10:24  Hatchery  
  101  10:25  Hatchery  
  99  10:29  Extractor  
  99  10:30  Drone x3  
  99  10:32  Drone  
  99  10:33  Drone x2  
  99  10:34  Overseer  
  104  10:36  Zergling x2  
  104  10:37  Zergling x2  
  104  10:40  Baneling x4  
  104  10:41  Baneling x5  
  106  10:42  Corruptor  
  106  10:43  Corruptor  
  110  10:52  Zergling x6  
  110  10:53  Zergling x10  
  118  10:58  Baneling  
  118  10:59  Baneling x3  
  118  11:07  Zergling x12  
  85  11:19  Zergling x6  
  85  11:23  Baneling x2  
  85  11:24  Baneling x6  
  82  11:25  Zergling x4  
  82  11:26  Zergling x2  
  85  11:33  Zergling x2  
  85  11:38  Zergling x6  
  89  11:42  Zergling x2  
  89  11:50  Zergling x8  
  93  12:00  Zergling x8  
  97  12:04  Queen  
  97  12:07  Zergling x2  
  100  12:11  Baneling x6  
  100  12:22  Zergling x6  
  102  12:23  Zergling x2  
  102  12:29  Zergling x18  
  84  12:38  Overlord, Corruptor  
  84  12:39  Overlord  
  72  13:23  Zergling x6  
  72  13:24  Zergling x14, Ultralisk Cavern  
  72  13:25  Zergling x4  
  72  13:27  Queen  
  85  13:37  Zergling x12  
  85  13:41  Hatchery  
  90  13:49  Queen  
  90  13:52  Extractor  
  90  13:53  Drone x3  
  94  14:08  Zergling x6  
  94  14:09  Zergling x2  
  98  14:24  Zergling x10  
  98  14:25  Zergling x6  
  106  14:33  Chitinous Plating  
  106  14:34  Ultralisk x2  
  118  14:41  Zerg Melee Weapons Level 3, Zerg Ground Armor Level 3  
  118  14:49  Ultralisk x5  
  148  14:53  Ultralisk x4  
  148  14:54  Ultralisk  
  178  15:02  Drone x3  
  181  15:07  Queen  
  181  15:11  Overlord  
  183  15:21  Baneling x7  
  180  15:33  Baneling x2  
  180  15:34  Baneling x3  
  175  15:35  Zergling x4  
  175  15:36  Zergling x12  
  160  16:01  Zergling x6  
  160  16:02  Zergling x12  
  135  16:16  Extractor  
  134  16:18  Corruptor  
  134  16:19  Corruptor x3  
  141  16:38  Extractor  
  140  16:48  Greater Spire  
  140  16:50  Zergling x2  
  140  16:51  Zergling x16  
  149  16:56  Queen  
  151  17:14  Extractor  
  150  17:16  Hatchery  
  149  17:26  Corruptor x3  
  149  17:27  Corruptor x2  
  159  17:54  Zergling x8  
  159  17:55  Zergling x16  
  171  18:03  Brood Lord x4  
  179  18:05  Corruptor x2  
  179  18:06  Corruptor x2  
  187  18:16  Baneling x4  
  187  18:17  Baneling x3  
  187  18:22  Corruptor  
  187  18:24  Baneling x6  
  187  18:25  Baneling  
  174  19:06  Zergling x2  
  174  19:07  Zergling x14  
  174  19:08  Zergling x16  
  174  19:09  Zergling x2  
Show
View Real Time Build Order
Export as new Build Order

sousmarinier Terran - Winner!

Build Orders: Liberator Opening 

Get SALT Encoding   

  12  0:01  SCV  
  13  0:13  SCV  
  14  0:17  Supply Depot  
  14  0:24  Refinery  
  14  0:28  SCV  
  15  0:42  Barracks  
  15  0:45  SCV  
  16  1:02  SCV  
  17  1:14  SCV  
  18  1:30  Marine  
  18  1:31  Orbital Command  
  19  1:50  Command Center  
  19  2:02  Factory  
  19  2:07  Refinery  
  19  2:10  Barracks Reactor  
  19  2:14  SCV  
  20  2:26  Barracks  
  20  2:29  SCV  
  21  2:40  Supply Depot  
  21  2:50  Starport  
  21  2:52  Factory Tech Lab  
  21  3:00  Marine  
  21  3:01  Marine  
  23  3:12  Liberator, Siege Tank  
  26  3:30  SCV  
  26  3:32  Barracks Tech Lab  
  31  3:39  Orbital Command  
  30  3:45  Marine x2  
  32  3:52  SCV  
  33  3:58  Stimpack  
  33  4:04  SCV  
  34  4:15  Siege Tank  
  34  4:16  Marine x2, SCV  
  34  4:17  Marine  
  41  4:29  Barracks, SCV  
  41  4:30  SCV  
  43  4:32  Barracks  
  43  5:03  Marine  
  43  5:04  Marine x2  
  43  5:07  Siege Tank  
  43  5:09  Starport Reactor  
  46  5:17  Barracks Reactor  
  46  5:19  Barracks Tech Lab  
  46  5:29  SCV x2  
  46  5:30  Supply Depot x2  
  46  5:31  Supply Depot  
  48  5:36  Engineering Bay  
  48  5:38  Engineering Bay  
  48  5:39  Combat Shield  
  48  5:41  SCV x2, Siege Tank  
  53  5:47  Marine  
  54  5:51  Marine x2  
  54  5:53  SCV x2  
  58  6:07  Refinery  
  58  6:08  Medivac  
  58  6:09  Refinery  
  60  6:15  Medivac  
  60  6:16  Marine  
  60  6:17  Marine x3  
  66  6:19  Marine x2  
  68  6:27  SCV x2  
  70  6:43  Marine x6  
  70  6:46  Terran Infantry Weapons Level 1  
  76  6:47  Terran Infantry Armor Level 1  
  76  7:00  Marine  
  76  7:01  Marine  
  78  7:05  Supply Depot x2  
  78  7:22  Marine, SCV x2, Medivac x2  
  85  7:26  Siege Tank  
  88  7:34  Liberator  
  88  7:36  Liberator  
  87  7:54  Marine x4  
  87  7:55  Marine x2  
  98  7:58  Siege Tank  
  101  8:12  Marine  
  102  8:16  Factory  
  102  8:19  Armory  
  102  8:20  Supply Depot x2  
  102  8:21  Supply Depot  
  102  8:28  Missile Turret  
  102  8:41  Marine x6  
  102  8:42  Siege Tank  
  111  8:59  Marine  
  89  9:14  Marine, Siege Tank  
  89  9:15  Marine x4  
  97  9:17  Viking x2  
  82  9:33  Marauder x2  
  82  9:38  Marine x3  
  84  9:43  Factory Tech Lab  
  85  9:46  Siege Tank  
  85  9:47  Terran Vehicle And Ship Armor Level 1  
  85  9:52  Marine  
  89  9:55  Marauder x2  
  89  9:56  Marine x3  
  96  10:02  Siege Tank  
  96  10:06  Medivac  
  101  10:09  Marine, Medivac  
  104  10:16  Marauder x2  
  104  10:18  Siege Tank  
  111  10:34  Command Center  
  89  11:21  Marine x4  
  89  11:22  Marauder x2  
  89  11:23  Siege Tank  
  100  11:27  Siege Tank  
  103  11:39  Marine x2  
  105  11:43  Marine x2  
  105  11:44  Marauder x2  
  111  11:55  Siege Tank  
  111  11:59  Siege Tank  
  117  12:05  Marauder x2  
  121  12:26  Marauder x2  
  121  12:28  Siege Tank  
  121  12:29  Marine x4  
  108  12:33  Siege Tank  
  96  12:37  Medivac  
  96  12:47  Marine x4  
  96  12:48  Marauder x2  
  104  13:04  Marine x2  
  104  13:05  Marine x2  
  106  13:08  Orbital Command  
  106  13:09  Marauder x2  
  108  13:17  Medivac  
  108  13:18  Medivac  
  108  13:19  SCV  
  111  13:20  SCV  
  111  13:22  Marine x3  
  111  13:23  Marine  
  115  13:30  Marine, Marauder  
  115  13:31  SCV  
  119  13:35  Terran Infantry Weapons Level 2, Terran Infantry Armor Level 2  
  119  13:39  Terran Vehicle Weapons Level 1  
  119  13:40  Marine x2  
  121  13:46  Marine x2  
  121  13:47  Medivac  
  121  13:48  Marine  
  125  13:52  Marauder  
  128  13:56  SCV  
  128  13:57  SCV  
  128  13:58  Marine x2  
  128  14:01  Refinery  
  128  14:02  Refinery  
  132  14:08  SCV  
  132  14:09  SCV  
  133  14:10  Marine x3  
  133  14:13  Marauder  
  136  14:29  Marauder  
  138  14:43  Barracks  
  138  14:46  Barracks  
  138  14:48  Starport  
  138  14:59  SCV x3  
  141  15:01  Command Center  
  141  15:29  SCV x2  
  119  15:49  Marine x4  
  122  15:50  Marauder  
  122  15:51  Marauder  
  127  16:02  Siege Tank  
  127  16:03  Siege Tank  
  85  16:07  Marine x4  
  85  16:12  Marauder x2  
  85  16:13  Terran Infantry Weapons Level 3, Terran Infantry Armor Level 3  
  82  16:32  Marine x4  
  85  16:33  Marauder x2  
  85  16:35  Siege Tank x2  
  85  16:37  Liberator x3  
  96  16:55  Marauder x2  
  96  17:00  Terran Ship Weapons Level 1  
  109  17:09  Planetary Fortress  
  109  17:16  Marauder x2  
  113  17:29  Refinery  
  113  17:33  Refinery  
  113  17:37  Marauder  
  113  17:38  Armory, Marauder  
  113  17:40  Starport Reactor  
  117  17:59  Marauder x2  
  121  18:08  SCV  
  122  18:15  Siege Tank x2  
  122  18:16  Liberator x2  
  122  18:17  Liberator x2  
  128  18:20  Marauder x2, SCV  
  133  18:32  SCV  
  146  18:42  Marauder x2  
  141  19:02  Command Center  
  110  19:03  Marauder  
  110  19:04  Refinery  
Tags
 
Add a new tag
Caveats
  • Supply blocks, unpowered buildings, or Contaminate may cause inaccurate times.
  • Supply counts are checked every 10 seconds.